 Dungeon Crawl Stone Soup version 0.18.1-48-g4cf74bf (webtiles) character file.

637 tyrion the Sneak (level 7, 0/61 HPs)
             Began as a Naga Wizard on July 25, 2016.
             Slain by a gnoll sergeant
             ... wielding a +1 trident of protection
              (9 damage)
             ... on level 4 of the Dungeon.
             The game lasted 00:13:04 (5601 turns).

tyrion the Sneak (Naga Wizard)                      Turns: 5601, Time: 00:13:05

Health: 0/61       AC:  4    Str:  9    XL:     7   Next: 50%
Magic:  12/12      EV: 10    Int: 20    God:
Gold:   286        SH:  0    Dex: 10    Spells: 6 memorised, 0 levels left

rFire  . . .     SeeInvis +     o - +0 quarterstaff
rCold  . . .     Gourm    .     a - +0 robe
rNeg   . . .     Faith    .     (shield currently unavailable)
rPois  +         Spirit   .     i - +0 helmet
rElec  .         Dismiss  .     (no cloak)
rCorr  .         Reflect  .     (no gloves)
SustAt .         Harm     .     (no barding)
MR     .....                    f - amulet of magic regeneration
Stlth  +++.......               (no ring)
                                (no ring)

@: very slow, not resistant to hostile enchantments, fairly stealthy
A: see invisible, deformed body, poison resistance, slowness 2, slow metabolism
1, spit poison 2, AC +2
a: Spit Poison


You were on level 4 of the Dungeon.
You were hungry.

You visited 1 branch of the dungeon, and saw 4 of its levels.

You collected 286 gold pieces.

Inventory:

Hand Weapons
 e - a +0 short sword
 o - a +0 quarterstaff (weapon)
Armour
 a - a +0 robe (worn)
 i - a +0 helmet (worn)
Jewellery
 f - an amulet of magic regeneration (around neck)
 x - a +4 ring of intelligence {unknown}
Wands
 w - a wand of lightning (12/15)
Scrolls
 j - 2 scrolls of identify
 l - 3 scrolls of recharging
 m - a scroll of magic mapping
 p - a scroll of teleportation
Potions
 b - a potion of degeneration {unknown}
 g - 2 potions of heal wounds
 n - a potion of berserk rage {unknown}
 q - a potion of might {unknown}
 s - a potion of lignification {unknown}
 t - a potion of magic {unknown}
 v - a potion of flight {unknown}
Books
 c - a book of Minor Magic

   Spells                             Type                      Level
   a - Magic Dart                     Conjuration                  1
   b - Blink                          Translocation                2
   c - Call Imp                       Summoning                    2
   d - Repel Missiles                 Charms/Air                   2
   e - Slow                           Hexes                        2
   f - Conjure Flame                  Conjuration/Fire             3
   g - Mephitic Cloud                 Conjuration/Poison/Air       3
Comestibles
 d - 4 bread rations
 h - 2 meat rations
 k - a slice of pizza
 r - a royal jelly
 u - 14 fruits


   Skills:
 + Level 2.5 Fighting
 + Level 1.5 Staves
 - Level 2.2 Dodging
 + Level 4.1 Stealth
 + Level 3.8 Spellcasting
 * Level 4.0 Conjurations
 - Level 1.0 Summonings
 - Level 1.0 Translocations
 * Level 3.2 Air Magic
 * Level 3.3 Poison Magic


You couldn't memorise any spells.
You knew the following spells:

 Your Spells              Type           Power        Failure   Level  Hunger
a - Magic Dart            Conj           ###.         2%          1    None
b - Blink                 Tloc           N/A          17%         2    ##.....
c - Call Imp              Summ           #.......     17%         2    ##.....
d - Repel Missiles        Chrm/Air       ##....       12%         2    ##.....
e - Mephitic Cloud        Conj/Pois/Air  ###.....     12%         3    ###....
f - Conjure Flame         Conj/Fire      ##......     21%         3    ###....


Dungeon Overview and Level Annotations

Branches:
Dungeon (4/15)
 Temple: D:4-7

Altars:
Gozag

Shops:
D:4 *


Innate Abilities, Weirdness & Mutations

You cannot wear boots.
Your serpentine skin is tough (AC +2).
You have supernaturally acute eyesight.
Armour fits poorly on your strangely shaped body.
Your system is resistant to poisons.
You cover ground very slowly.
You have a slow metabolism.
You can spit poison.


Message History

The gnoll sergeant barely misses you.
You hit the gnoll sergeant but do no damage.
The gnoll sergeant is severely wounded.
The gnoll sergeant barely misses you.
You hit the gnoll sergeant but do no damage.
The gnoll sergeant is severely wounded.
The gnoll sergeant hits you with a trident of protection!
* * * LOW HITPOINT WARNING * * *
The gnoll sergeant hits you with a trident of protection.
* * * LOW HITPOINT WARNING * * *
You see here a spear.
You are too injured to fight recklessly!
Unknown command.
Casting: Mephitic Cloud
Confirm with . or Enter, or press ? or * to list all spells.
Okay, then.
You hit the gnoll sergeant.
The gnoll sergeant is severely wounded.
The gnoll sergeant hits you with a trident of protection!
You die...

............# #.#.#####
.........#### #.#.....#
.........#######.#####.#
...............#.# #.###
<.#'#..........#.# #...##
#.#.#........g.#.# #....#
≈≈≈≈≈..........#)# #.#..#
....≈..........#g## #.####
⌠.⌠.≈..........#@.# #..?.#
.∩..≈....#'#....).# ####<#
⌠.⌠.≈....#.#.####.# #.#
....≈....#...# #.# #.#
≈≈≈≈≈..(...######'## #.#
..#.#....##........# #.#
..#.#.....#........######.#
###.#.....#........'......#
....#.....#........########


You could see a gnoll sergeant (confused).

Vanquished Creatures
  An ogre (D:4)
  3 hounds (D:4)
  An orc priest (D:4)
  An orc wizard (D:3)
  5 worker ants (D:4)
  5 gnolls (D:4)
  5 adders
  An adder skeleton (D:4)
  2 worms
  6 dart slugs
  5 orcs
  8 bats
  8 giant cockroaches
  11 goblins
  7 hobgoblins
  9 jackals
  2 quokkas (D:3)
  A ball python (D:4)
  3 giant newts
  8 kobolds
  7 rats
99 creatures vanquished.

Vanquished Creatures (collateral kills)
  A sky beast (D:3)
  An orc priest (D:4)
  A giant frog skeleton (D:4)
  An adder (D:2)
  3 worms (D:2)
  2 giant cockroaches (D:3)
  A goblin (D:3)
  2 hobgoblins
12 creatures vanquished.

Vanquished Creatures (others)
  An orc (D:4)
1 creature vanquished.

Grand Total: 112 creatures vanquished

Notes
Turn   | Place    | Note
--------------------------------------------------------------
     0 | D:1      | tyrion the Naga Wizard began the quest for the Orb.
     0 | D:1      | Reached XP level 1. HP: 15/15 MP: 4/4
   319 | D:1      | Reached XP level 2. HP: 13/24 MP: 0/6
   375 | D:1      | Learned a level 2 spell: Blink
   378 | D:1      | Learned a level 2 spell: Call Imp
   381 | D:1      | Learned a level 2 spell: Repel Missiles
   881 | D:1      | Reached XP level 3. HP: 25/30 MP: 1/7
  1633 | D:2      | Reached skill level 1 in Fighting
  1955 | D:2      | Reached XP level 4. HP: 15/38 MP: 9/9
  1966 | D:2      | Reached skill level 1 in Air Magic
  2314 | D:2      | HP: 1/38 [hobgoblin/club (4)]
  2760 | D:3      | Noticed a sky beast
  2942 | D:3      | Killed a sky beast
  2942 | D:3      | Reached XP level 5. HP: 11/44 MP: 2/10
  3012 | D:3      | Learned a level 3 spell: Mephitic Cloud
  3482 | D:3      | Reached skill level 1 in Poison Magic
  4137 | D:4      | Found Gozag's Platinum Reserve.
  4138 | D:4      | Found an opulent altar of Gozag.
  4236 | D:4      | Reached XP level 6. HP: 46/52 MP: 2/11
  4505 | D:4      | Reached skill level 1 in Staves
  4627 | D:4      | Reached XP level 7. HP: 39/60 MP: 10/12
  5313 | D:4      | Learned a level 3 spell: Conjure Flame
  5601 | D:4      | Slain by a gnoll sergeant

Skill      XL: |  1  2  3  4  5  6  7 |
---------------+----------------------+-----
Conjurations   | 2 3 4 |  4.0
Fighting       | 1 2 |  2.5
Air Magic      | 1 2 3 |  3.2
Dodging        | 2 |  2.2
Poison Magic   | 1 2 3 |  3.3
Staves         | 1 |  1.5
Stealth        | 4 |  4.1
Spellcasting   | |  3.8
Summonings     | |  1.0
Translocations | |  1.0

Action                   |  1- 3 |  4- 6 |  7- 9 || total
-------------------------+-------+-------+-------++-------
Melee: Unarmed           |    11 |       |       ||    11
       Short sword       |    17 |       |       ||    17
       Quarterstaff      |    13 |   165 |    71 ||   249
 Cast: Magic Dart        |    78 |    26 |       ||   104
       Blink             |     2 |     7 |       ||     9
       Call Imp          |     1 |    23 |     3 ||    27
       Mephitic Cloud    |       |    14 |    15 ||    29
 Abil: Spit Poison       |     5 |     1 |       ||     6
  Use: Scroll            |     5 |     3 |       ||     8
       Potion            |       |     2 |       ||     2
 Stab: Sleeping          |     1 |     1 |     1 ||     3
       Confused          |       |     7 |     4 ||    11
       Distracted        |       |     1 |       ||     1
  Eat: Chunk             |     2 |    10 |     3 ||    15
Armor: Robe              |     9 |    48 |    14 ||    71
Dodge: Dodged            |    46 |   124 |    53 ||   223
